 Dungeon Crawl Stone Soup version 0.28-a0-1447-ga5a8893891 (webtiles) character file.

Game seed: 6885644203837298688

18 testman the Covert (level 2, -5/29 HPs)
             Began as a Gnoll Delver on Jan 10, 2022.
             Slain by a mummy (16 damage)
             ... in an ossuary.
             The game lasted 00:01:23 (73 turns).

testman the Covert (Gnoll Delver)                     Turns: 73, Time: 00:01:23

Health: -5/29      AC:  3    Str: 11    XL:     2   Next: 66%
Magic:  2/2        EV: 13    Int:  9    God:
Gold:   0          SH:  0    Dex: 13    Spells: 2/2 levels left

rFire   . . .      SeeInvis .   a - +0 spear
rCold   . . .      Faith    .   (no shield)
rNeg    . . .      Spirit   .   b - +0 leather armour
rPois   .          Reflect  .   (no helmet)
rElec   .          Harm     .   (no cloak)
rCorr   .          Rampage  .   (no gloves)
Will    .....                   (no boots)
Stlth   ++++......              (no amulet)
HPRegen 0.09/turn               (no ring)
MPRegen 0.08/turn               (no ring)

@: no status effects
A: fangs 1, strong nose, distributed training
a: no special abilities


You were in an ossuary.
You visited 1 branch of the dungeon, and saw 1 of its levels.
You also visited: Ossuary.

Inventory:

Hand Weapons
 a - a +0 spear (weapon)
Armour
 b - a +0 leather armour (worn)
Wands
 g - a wand of digging (3)
Scrolls
 c - a scroll of fog
 d - a scroll of magic mapping
 e - a scroll of fear
Potions
 f - a potion of haste


   Skills:
 + Level 6.5 Fighting
 + Level 0.5 Short Blades
 + Level 0.5 Long Blades
 + Level 0.5 Axes
 + Level 0.5 Maces & Flails
 + Level 4.5 Polearms
 + Level 0.5 Staves
 + Level 0.5 Slings
 + Level 0.5 Bows
 + Level 0.5 Crossbows
 + Level 0.5 Throwing
 + Level 0.5 Armour
 + Level 4.5 Dodging
 + Level 9.5 Stealth
 + Level 0.5 Shields
 + Level 0.5 Unarmed Combat
 + Level 0.5 Spellcasting
 + Level 0.3 Conjurations
 + Level 0.3 Hexes
 + Level 0.3 Summonings
 + Level 0.3 Necromancy
 + Level 0.3 Translocations
 + Level 0.3 Transmutations
 + Level 0.3 Fire Magic
 + Level 0.3 Ice Magic
 + Level 0.3 Air Magic
 + Level 0.3 Earth Magic
 + Level 0.3 Poison Magic
 + Level 0.6 Invocations
 + Level 0.5 Evocations


You had 2 spell levels left.
You didn't know any spells.
Your spell library was empty.

Dungeon Overview and Level Annotations

Branches:
Dungeon (5/15)            Ossuary (1/1)
 Temple: D:4-7

Altars:

Annotations:
D:5 Eustachio


Innate Abilities, Weirdness & Mutations

You have very sharp teeth.
Your uncanny sense of smell can sniff out nearby items.
Your experience applies equally to all skills.


Message History

You hit the adder zombie.
The adder zombie is moderately damaged.
The adder zombie bites you but does no damage.
You barely miss the adder zombie.
The adder zombie is moderately damaged.
The adder zombie bites you.
You hit the adder zombie.
The adder zombie is heavily damaged.
The adder zombie barely misses you.
A mummy comes into view.
Found 2 blue potions and 2 potions of haste.
Found a sapphire potion and 2 murky pink potions.
The adder zombie closely misses you.
You open the door. The adder zombie bites you.
There is an open door here.
You see here 2 potions of haste.
You barely miss the adder zombie.
The adder zombie is heavily damaged.
The adder zombie misses you.
You barely miss the adder zombie.
You bite the adder zombie, but do no damage.
The adder zombie is heavily damaged.
The adder zombie bites you.
You puncture the adder zombie!
You bite the adder zombie, but do no damage.
The adder zombie is almost destroyed.
The adder zombie bites you but does no damage.
You closely miss the adder zombie.
The adder zombie is almost destroyed.
You hit the adder zombie but do no damage.
The adder zombie is almost destroyed.
The adder zombie bites you but does no damage.
You closely miss the adder zombie. You bite the adder zombie.
You destroy the adder zombie!
You hit the mummy but do no damage. You hit the mummy.
The mummy is lightly damaged.
The mummy hits you!
Ouch! That really hurt!
You die...

...........
#..#...............
#..................
#.....##...........
#.....##...........
#.................Z
#...Z..............
####ZZ.......#####.
#!@MZZ.....Z..Z...Z
#!!#ZZ.......Z.∩...
###################


You could see a mummy, a rat zombie, 3 hobgoblin zombies, a gnoll zombie, a
kobold zombie and an elf zombie.

Vanquished Creatures
  A hound zombie (Ossuary)
  An adder zombie (Ossuary)
2 creatures vanquished.

Notes
Turn   | Place    | Note
-------+----------+-------------------------------------------
     0 | D:5      | Reached skill level 9 in Stealth
     0 | D:5      | testman the Gnoll Delver began the quest for the Orb.
     0 | D:5      | Reached XP level 1. HP: 23/23 MP: 1/1
     2 | D:5      | Noticed Eustachio
    21 | D:5      | Found a sand-covered staircase.
    29 | Ossuary  | Entered an ossuary
    38 | Ossuary  | Reached XP level 2. HP: 22/29 MP: 2/2
    73 | Ossuary  | Slain by a mummy

Illustrated notes

Levels and vault maps discovered:
D:5:      layout_loops_cross, lemuel_zombie_altar_kikubaaqudgha,
          mainiacjoe_overflow_concentric_impassable,
          lemuel_mausoleum_altar_yredelemnul, nemelex_dance_club_becter,
          mainiacjoe_overflow_chevrons, gup_ossuary_entry_pyramid, uniq_ijyb,
          uniq_eustachio, uniq_edmund
Ossuary:  ossuary_minmay_tomb_2a

Skill      XL: | |
---------------+-+-----
Stealth        | |  9.5
Fighting       | |  6.5
Short Blades   | |  0.5
Long Blades    | |  0.5
Axes           | |  0.5
Maces & Flails | |  0.5
Polearms       | |  4.5
Staves         | |  0.5
Slings         | |  0.5
Bows           | |  0.5
Crossbows      | |  0.5
Throwing       | |  0.5
Armour         | |  0.5
Dodging        | |  4.5
Shields        | |  0.5
Unarmed Combat | |  0.5
Spellcasting   | |  0.5
Conjurations   | |  0.3
Hexes          | |  0.3
Summonings     | |  0.3
Necromancy     | |  0.3
Translocations | |  0.3
Transmutations | |  0.3
Fire Magic     | |  0.3
Ice Magic      | |  0.3
Air Magic      | |  0.3
Earth Magic    | |  0.3
Poison Magic   | |  0.3
Invocations    | |  0.6
Evocations     | |  0.5

Action                   || total
-------------------------++-------
Melee: Spear             ||    20
       Bite              ||     3
 Stab: Sleeping          ||     1
Armor: Leather armour    ||     7
Dodge: Dodged            ||     9

Table legend: (Time is in decaauts)
 A = Elapsed time spent in this place.
 B = Non-inter-level travel time spent in this place.
 C = Inter-level travel time spent in this place.
 D = Time resting spent in this place.
 E = Time spent auto-exploring this place.
 F = Levels seen in this place.
 G = Mean time per level.
                   A        B        C        D        E       F      G
               +--------+--------+--------+--------+--------+-----+--------+
         Total |     70 |     70 |      0 |      0 |      0 |   2 |   35.0 |
       Dungeon |     28 |     28 |      0 |      0 |      0 |   1 |   28.0 |
       Ossuary |     41 |     41 |      0 |      0 |      0 |   1 |   41.0 |
               +--------+--------+--------+--------+--------+-----+--------+

Top non-repeatable levels by time:
 Ossuary: 41 daAuts
     D:5: 28 daAuts
